 Dungeon Crawl Stone Soup version 0.26.0-41-g79a4fc7684 (webtiles) character file.

Game seed: 6905546291418945987

620 kaeus the Sneak (level 7, 0/45 HPs)
             Began as an Octopode Transmuter on Jan 26, 2021.
             Was an Initiate of Gozag.
             Slain by an ice beast (8 damage)
             ... on level 5 of the Dungeon.
             The game lasted 00:10:28 (6976 turns).

kaeus the Sneak (Octopode Transmuter)               Turns: 6976, Time: 00:10:29

Health: 0/45       AC:  1    Str:  8    XL:     7   Next: 46%
Magic:  11/12      EV: 12    Int: 15    God:    Gozag
Gold:   157        SH:  7    Dex: 14    Spells: 6/12 levels left

rFire    + . .     SeeInvis .   e - +0 dagger (protect)
rCold    . . .     Faith    .   o - +0 kite shield
rNeg     . . .     Spirit   .   (helmet restricted)
rPois    .         Reflect  .   (no amulet)
rElec    .         Harm     .   k - ring of protection from fire
rCorr    .         Rampage  .   h - ring of willpower
Will     +....                  (no ring)
Stlth    ++++......             (no ring)
HPRegen  0.15/turn              (no ring)
MPRegen  0.13/turn              (no ring)
                                (no ring)
                                (no ring)

@: very slightly contaminated
A: almost no armour, stealthy swim, amphibious, 8 rings, constrict 8, camouflage
1, screaming 1, weak 1, gelatinous body 1, MP-powered wands
a: Renounce Religion, Potion Petition, Call Merchant, Bribe Branch


You were on level 5 of the Dungeon.
You worshipped Gozag.
Gozag was aware of your devotion.
You visited 2 branches of the dungeon, and saw 6 of its levels.

You collected 283 gold pieces.
You spent 49 gold pieces at shops.
You paid 77 gold pieces to Gozag.

Inventory:

Hand Weapons
 e - a +0 dagger of protection (weapon)
Armour
 o - a +0 kite shield (worn)
Jewellery
 h - a ring of willpower (right tentacle)
 k - a ring of protection from fire (left tentacle)
 x - an uncursed ring of fire
Scrolls
 d - 4 scrolls of magic mapping
 f - 3 scrolls of remove curse {unknown}
 g - 5 scrolls of identify {unknown}
 j - a scroll of amnesia {unknown}
 l - 2 scrolls of immolation {unknown}
 p - 2 scrolls of enchant armour {unknown}
 q - 2 scrolls of enchant weapon {unknown}
 r - a scroll of fear {unknown}
 v - a scroll of teleportation {unknown}
 w - a scroll of random uselessness {unknown}
Potions
 a - a potion of flight {unknown}
 b - a potion of ambrosia {unknown}
 c - a potion of heal wounds {unknown}
 i - a potion of mutation
 m - a potion of degeneration {unknown}
 n - 2 potions of curing
 s - a potion of lignification {unknown}
 t - 2 potions of resistance {unknown}
 u - a potion of brilliance {unknown}


   Skills:
 + Level 2.8 Fighting
 + Level 3.5 Dodging
 + Level 4.9 Stealth
 * Level 1.1 Shields
 + Level 4.2 Unarmed Combat
 + Level 3.3 Spellcasting
 + Level 3.5 Transmutations


You had 6 spell levels left.
You knew the following spells:

 Your Spells              Type           Power        Failure   Level
a - Beastly Appendage     Tmut           26%          26%         1
b - Blade Hands           Tmut           6%           100%        5

Your spell library contained the following spells:

 Spells                   Type           Power        Failure   Level
 Wereblood                Tmut           13%          38%         2
 Spider Form              Tmut/Pois      3%           86%         3
 Ice Form                 Ice/Tmut       7%           99%         4


Dungeon Overview and Level Annotations

Branches:
Dungeon (5/15)             Temple (1/1) D:5

Altars:
Cheibriados
Dithmenos
Elyvilon
Fedhas
Gozag
Hepliaklqana
Kikubaaqudgha
Makhleb
Nemelex Xobeh
Okawaru
Qazlal
Ru
Sif Muna
Trog
Uskayaw
Vehumet
Wu Jian
Xom
Yredelemnul
Zin
The Shining One

Shops:
D:5 :**


Innate Abilities, Weirdness & Mutations

You cannot wear most types of armour.
You are very stealthy in the water. (Stealth+)
You are amphibious.
You can wear up to eight rings at the same time.
You can use your tentacles to constrict eight enemies at once.
Your skin changes colour to match your surroundings (Stealth+).
Your rubbery body absorbs attacks. (AC +1, EV +1)
You occasionally shout uncontrollably at your foes.
You are weak. (Str -2)
You expend magic power (3 MP) to strengthen your wands.


Message History

The centaur barely misses you. The centaur closely misses you.
You block the ice beast's attack.
You take 9 damage, and have 17/45 hp.
It was a potion of mutation.
You feel extremely strange.
You feel the urge to shout.
You feel weaker.
You feel your magical essence link to the dungeon's wands.
The centaur hits you with a cursed -3 shortbow.
* * * LOW HITPOINT WARNING * * *
The centaur hits you but does no damage.
You block the centaur's attack. The ice beast closely misses you.
You take 6 damage, and have 11/45 hp.
It was a potion of curing.
You feel better. You block the centaur's attack.
The centaur hits you with a cursed -3 shortbow.
The centaur hits you.
* * * LOW HITPOINT WARNING * * *
The ice beast hits you.
* * * LOW HITPOINT WARNING * * *
The ice beast freezes you!
You die...
Your body crumbles into a pile of gold.

#.##..#.# #.# #.#.....#
#.# #.#.....# #.#
#.#.....#
##########.###.......#
............##.......#
....?.......##.......#
#
.......c....##.#####.#
# ......Y@.......# ..##
......c.....#### ..##
................ .##
................. #.
..............(..# #. $
............(....# #.
.............##### #.
......................#
#.
.......................
.#.###


You could see an ice beast and 2 centaurs.

Vanquished Creatures
  A centaur (D:5)
  A vampire bat (D:3)
  A bullfrog skeleton (D:4)
  A centaur skeleton (D:4)
  A gnoll shaman (Temple)
  An orc wizard (D:4)
  3 worker ants (D:4)
  7 gnolls
  A howler monkey skeleton (D:4)
  6 adders
  4 oozes
  2 adder skeletons
  A worm (D:4)
  A dart slug (D:1)
  3 fire bats (D:3)
  3 leopard geckos
  4 orcs (D:4)
  2 spectral bats (D:3)
  3 bat skeletons (D:3)
  A bat zombie (D:3)
  4 giant cockroaches
  7 goblins
  5 hobgoblins
  10 jackals
  13 kobolds
  4 quokkas
  16 bats
  A bat simulacrum (D:3)
  5 frilled lizards
  5 rats
117 creatures vanquished.

Notes
Turn   | Place    | Note
-------+----------+-------------------------------------------
     0 | D:1      | kaeus the Octopode Transmuter began the quest for the Orb.
     0 | D:1      | Reached XP level 1. HP: 13/13 MP: 3/3
    51 | D:1      | Reached XP level 2. HP: 6/18 MP: 3/5
   579 | D:1      | Reached XP level 3. HP: 22/23 MP: 4/6
  1239 | D:2      | Reached skill level 1 in Stealth
  1991 | D:2      | Reached XP level 4. HP: 29/29 MP: 5/7
  2277 | D:3      | Found a faded altar of an unknown god.
  2432 | D:3      | Reached XP level 5. HP: 33/34 MP: 6/8
  2918 | D:3      | Learned a level 5 spell: Blade Hands
  3031 | D:3      | Reached XP level 6. HP: 39/39 MP: 10/10
  5538 | D:4      | Reached XP level 7. HP: 38/45 MP: 11/11
  5924 | D:5      | Entered Level 5 of the Dungeon
  5924 | D:5      | Found Exze's Book Boutique.
  5956 | D:5      | Found Jessaje's General Store.
  6078 | D:5      | Bought a scroll of magic mapping for 49 gold pieces
  6123 | D:5      | Found a staircase to the Ecumenical Temple.
  6136 | Temple   | Entered the Ecumenical Temple
  6245 | Temple   | Became a worshipper of Gozag Ym Sagoz the Greedy
  6300 | D:5      | Found Gionistre's General Store.
  6736 | Temple   | Reached skill level 1 in Shields
  6975 | D:5      | Gained mutation: You occasionally shout uncontrollably at
                  | your foes. [potion of mutation]
  6975 | D:5      | Gained mutation: You are weak. (Str -2) [potion of
                  | mutation]
  6975 | D:5      | Gained mutation: You expend magic power (3 MP) to
                  | strengthen your wands. [potion of mutation]
  6976 | D:5      | Slain by an ice beast

Illustrated notes

Levels and vault maps discovered:
D:1:      amcnicky_arrival_flooded_fountain, layout_basic, roderic_lattice_a
D:2:      layout_loops_cross, serial_co_window_serial, co_window_paths_b,
          co_window_corner_a, co_window_paths_b, co_window_corner_a,
          co_window_cross_1, co_window_corner_b, co_window_unsneaky_path_c,
          co_window_paths_c, co_window_corner_b, co_window_cross_3,
          co_window_4corner_a, co_window_sun, glass_columns_b, glass_columns_b,
          glass_columns_b, glass_columns_a
D:3:      layout_loops_ring, chequers_ecumenical_altar_island, glass_columns_c,
          goddamned_bats
D:4:      layout_basic, serial_park_tiny_pond, minmay_puff
D:5:      layout_basic, minmay_temple_entry_antechambers, serial_shops,
          nicolae_shop_trees, kennysheep_mini, kennysheep_mini_moat, shop, shop
Temple:   compressed_dpeg_circular_temple

Skill      XL: |  1  2  3  4  5  6  7 |
---------------+----------------------+-----
Stealth        | 1 2 3 4 |  4.9
Fighting       | 2 |  2.8
Transmutations | 3 |  3.5
Dodging        | 3 |  3.5
Spellcasting   | 3 |  3.3
Unarmed Combat | 4 |  4.2
Shields        | 1 |  1.1

Action                   |  1- 3 |  4- 6 |  7- 9 || total
-------------------------+-------+-------+-------++-------
Melee: Unarmed           |    39 |       |       ||    39
       Constrict         |    29 |    47 |     8 ||    84
       Tentacles         |     7 |    31 |    14 ||    52
       Punch             |     1 |     8 |     4 ||    13
       Kick              |    10 |    25 |     7 ||    42
       Dagger            |    51 |   196 |    48 ||   295
 Cast: Beastly Appendage |    17 |    19 |     8 ||    44
  Use: Potion            |       |       |     2 ||     2
 Stab: Sleeping          |     5 |    15 |       ||    20
       Distracted        |       |     1 |       ||     1
Armor: Skin              |    17 |   103 |     7 ||   127
Dodge: Dodged            |    58 |   140 |    25 ||   223
Block: Kite shield       |    10 |    91 |    25 ||   126
